AoeStats
← Landlord of Lead

Arabia

509979347Analyzed
1v1 RM · 2d ago on Sep 28, 2026· 67m 41s· 2 players
Game mode
Random Map
Map size
Tiny (2 player)
Population
200
Speed
Normal
Resources
Standard
Victory
Conquest
Starting age
Dark Age
Ending age
Imperial Age
RankedLock teamsTeams togetherTeam positionsShared explorationLock speedFull tech treeHidden civsTurbo modeCheats
Victory
Defeat
🇺🇸 Burmese · United States
462
+17
🇺🇸 Franks · United States
493
-17
Landlord of Lead
11:52 Feudal Age
13:23 Wheelbarrow
12:38 Loom
13:54 Horse Collar
13:47 Man-at-Arms
18:18 Gold Mining
20:47 Fletching
21:08 Forging
26:00 Castle Age
26:53 Pikeman
27:34 Squires
26:56 Long Swordsman
27:22 Gambesons
27:31 Arson
27:49 Scale Mail Armor
28:34 Crossbowman
29:16 Stone Mining
34:36 Gold Shaft Mining
34:41 Iron Casting
34:23 Chain Mail Armor
34:04 Bodkin Arrow
36:12 Hand Cart
37:21 Manipur Cavalry
41:19 Imperial Age
45:50 Halberdier
47:58 Hand Cart
58:51 Plate Mail Armor
59:23 Blast Furnace
58:19 Bodkin Arrow
58:32 Murder Holes
63:06 Bodkin Arrow
63:36 Ballistics
62:59 Treadmill Crane
BenHereB4
13:15 Feudal Age
11:31 Loom
15:55 Double-Bit Axe
21:51 Castle Age
21:14 Forging
24:18 Fletching
27:06 Bodkin Arrow
32:31 Scale Barding Armor
36:47 Iron Casting
36:12 Town Watch
39:19 Padded Archer Armor
47:15 Chain Barding Armor
50:15 Bow Saw
Connection lost

Rejoining the realm…

Still unreachable

The connection could not be restored.

Session expired

The server has moved on; the page needs a fresh start.